AoeStats
← Simple Jack, u mad?

Hill Fort

506617461Analyzed
4v4 RM · 19d ago on Sep 14, 2026· 41m 55s· 8 players
Game mode
Random Map
Map size
Large (8 player)
Population
200
Speed
Normal
Resources
Standard
Victory
Conquest
Starting age
Dark Age
Ending age
Imperial Age
RankedLock teamsTeams togetherTeam positionsShared explorationLock speedFull tech treeHidden civsTurbo modeCheats
Victory
Defeat
🇻🇳 Saracens · Vietnam
1975
+4
🇻🇳 Mapuche · Vietnam
1767
+10
🇻🇳 Spanish · Vietnam
1748
+11
🇻🇳 Khmer · Vietnam
1480
+21
🇺🇦 Burgundians · Ukraine
1647
-13
🇹🇼 Italians · Taiwan
1640
-11
🇸🇪 Japanese · Sweden
1638
-11
🇨🇳 Mongols · China
1620
-11
Simple Jack, u mad?
9:36 Loom
11:58 Feudal Age
12:41 Double-Bit Axe
21:48 Castle Age
21:19 Fishing Lines
23:37 Scale Mail Armor
23:59 Squires
23:44 Arson
28:37 Wheelbarrow
28:04 Gold Mining
29:25 Gillnets
32:14 Imperial Age
31:20 Chain Mail Armor
33:20 Hand Cart
33:18 Forging
32:59 Fletching
33:34 Conscription
34:06 Gold Shaft Mining
33:45 Elite Samurai
34:07 Capped Ram
35:31 Plate Mail Armor
35:37 Iron Casting
35:00 Town Watch
38:41 Blast Furnace
37:04 Pikeman
37:59 Bow Saw
38:28 Murder Holes
38:05 Halberdier
MrLaoLiu
10:12 Feudal Age
11:03 Loom
13:51 Castle Age
11:59 Double-Bit Axe
15:17 Bow Saw
21:12 Fletching
24:43 Wheelbarrow
25:20 Bodkin Arrow
26:30 Ballistics
26:24 Padded Archer Armor
30:04 Leather Archer Armor
34:19 Imperial Age
32:40 Gold Mining
35:51 Conscription
37:24 Elite Genoese Crossbowman
38:57 Bracer
40:12 Chemistry
41:25 Thumb Ring
Ouch
2:57 Double-Bit Axe
6:02 Loom
8:44 Feudal Age
8:36 Horse Collar
9:49 Bow Saw
9:41 Horse Collar
19:05 Castle Age
18:42 Heavy Plow
19:56 Wheelbarrow
21:02 Two-Man Saw
22:18 Crop Rotation
22:03 Stone Mining
22:03 Gold Mining
24:55 Town Watch
28:14 Gold Mining
29:38 Stone Shaft Mining
31:59 Imperial Age
29:50 Hand Cart
30:47 Scale Barding Armor
31:00 Forging
32:19 Chain Barding Armor
32:55 Iron Casting
32:57 Gold Shaft Mining
33:19 Conscription
33:30 Fletching
33:30 Treadmill Crane
34:52 Plate Barding Armor
34:12 Fletching
34:59 Bodkin Arrow
35:26 Ballistics
36:06 Chemistry
37:05 Blast Furnace
37:25 Elite Coustillier
neutron_star
9:42 Feudal Age
13:44 Castle Age
12:29 Double-Bit Axe
13:32 Fletching
13:44 Loom
13:49 Horse Collar
18:22 Bodkin Arrow
19:31 Padded Archer Armor
22:25 Leather Archer Armor
26:22 Bow Saw
27:48 Wheelbarrow
28:15 Wheelbarrow
29:01 Husbandry
29:12 Bloodlines
29:40 Gold Mining
31:36 Gold Shaft Mining
32:21 Hand Cart
32:05 Town Watch
32:56 Ballistics
36:30 Imperial Age
35:20 Thumb Ring
36:48 Stone Mining
37:11 Bracer
38:19 Chemistry
37:40 Conscription
37:49 Elite Mangudai
40:38 Town Patrol
Cat&Moon
10:40 Feudal Age
13:03 Loom
15:53 Castle Age
14:14 Double-Bit Axe
14:45 Horse Collar
16:43 Bow Saw
26:08 Heavy Plow
26:48 Wheelbarrow
26:49 Gold Mining
29:40 Stone Mining
30:19 Padded Archer Armor
30:43 Husbandry
34:57 Imperial Age
33:15 Leather Archer Armor
33:42 Bloodlines
35:39 Elite Conquistador
37:16 Ring Archer Armor
37:23 Hand Cart
38:10 Two-Man Saw
37:24 Caravan
37:52 Fletching
40:40 Forging
40:25 Bodkin Arrow
40:36 Scale Barding Armor
42:06 Conscription
42:31 Iron Casting
41:57 Bracer
42:59 Two-Man Saw
42:36 Stone Shaft Mining
41:51 Town Watch
chuoi
10:59 Feudal Age
14:51 Castle Age
13:09 Double-Bit Axe
13:32 Horse Collar
14:30 Fletching
14:58 Loom
16:01 Bow Saw
17:44 Wheelbarrow
21:45 Bodkin Arrow
22:34 Padded Archer Armor
24:04 Leather Archer Armor
24:36 Heavy Plow
24:47 Gold Mining
27:42 Ballistics
29:55 Gold Shaft Mining
29:36 Hand Cart
34:47 Imperial Age
32:20 Stone Mining
32:54 Scale Mail Armor
33:04 Forging
33:01 Caravan
33:10 Champi Runner
33:36 Arson
34:09 Chain Mail Armor
34:01 Champi Warrior
35:17 Iron Casting
35:02 Elite Champi Warrior
37:13 Plate Mail Armor
38:38 Blast Furnace
38:00 Conscription
39:09 Chemistry
37:45 Capped Ram
42:12 Butalmapu
42:11 Malon
Minh Anh
10:38 Feudal Age
13:40 Castle Age
11:36 Double-Bit Axe
12:58 Horse Collar
14:07 Loom
15:22 Bow Saw
20:57 Wheelbarrow
20:29 Heavy Plow
23:41 Hand Cart
23:14 Town Watch
26:44 Imperial Age
24:44 Gold Mining
25:37 Stone Mining
26:00 Bloodlines
25:51 Husbandry
26:33 Scale Barding Armor
27:48 Chain Barding Armor
27:39 Forging
28:44 Gold Shaft Mining
27:42 Elite Battle Elephant
29:23 Crop Rotation
29:58 Plate Barding Armor
29:59 Tusk Swords
30:44 Conscription
31:52 Iron Casting
32:29 Caravan
34:33 Blast Furnace
35:43 Fletching
37:05 Bodkin Arrow
38:59 Bracer
40:17 Stone Shaft Mining
42:30 Padded Archer Armor
42:31 Scale Mail Armor
Mr.Bean
10:40 Feudal Age
15:01 Castle Age
13:24 Double-Bit Axe
14:26 Horse Collar
16:11 Bow Saw
23:15 Wheelbarrow
22:27 Loom
22:28 Town Watch
25:01 Hand Cart
25:58 Heavy Plow
31:31 Imperial Age
29:30 Caravan
30:05 Scale Barding Armor
30:11 Forging
30:54 Fortified Wall
32:24 Bloodlines
32:14 Husbandry
32:35 Chain Barding Armor
33:56 Conscription
33:00 Elite Mameluke
34:58 Two-Man Saw
34:50 Plate Barding Armor
34:50 Iron Casting
34:30 Masonry
37:18 Fletching
38:30 Blast Furnace
37:20 Fletching
40:42 Bodkin Arrow
Connection lost

Rejoining the realm…

Still unreachable

The connection could not be restored.

Session expired

The server has moved on; the page needs a fresh start.